 Dungeon Crawl Stone Soup version 0.30-a0-920-g7493c07aab (webtiles) character file.

Game seed: 12707523951243824992

19070 pokeman the Eclecticist (level 12, -12/62 HPs)
             Began as a Deep Elf Hedge Wizard on Mar 21, 2023.
             Was a High Priest of Vehumet.
             Mangled by a two-headed ogre
             ... wielding a +0 giant club
              (23 damage)
             ... on level 12 of the Dungeon.
             The game lasted 00:50:53 (14795 turns).

pokeman the Eclecticist (Deep Elf Hedge Wizard)    Turns: 14795, Time: 00:50:54

Health: -12/62     AC: 12    Str:  7    XL:     12   Next: 33%
Magic:  26/35      EV: 12    Int: 25    God:    Vehumet [*****.]
Gold:   917        SH:  6    Dex: 14    Spells: 33/45 levels left

rFire   . . .      SeeInvis .    J - +5 spear (venom)
rCold   + . .      Faith    .    K - +1 buckler {rC+}
rNeg    . . .      Spirit   .    I - +0 troll leather armour {Pargi}
rPois   +          Reflect  .    c - +0 hat
rElec   .          Rampage  .    W - +0 cloak
rCorr   .                        (no gloves)
Will    +....                    T - +2 pair of boots
Stlth   ++                       (no amulet)
HPRegen 1.10/turn                D - +4 ring of protection
MPRegen 0.24/turn                H - ring of poison resistance

@: no status effects
A: no striking features
a: Renounce Religion


You were on level 12 of the Dungeon.
You worshipped Vehumet.
Vehumet was extremely pleased with you.
You visited 2 branches of the dungeon, and saw 13 of its levels.
You also visited: Sewer and Bailey.

You collected 917 gold pieces.

Inventory:

Hand Weapons
 J - a +5 spear of venom (weapon)
 Y - the +1 trident of Weytam {protect, rC+ Str-3 SInv}
   (You found it on level 10 of the Dungeon)

   Str:       It affects your strength (-3).
   rC:        It protects you from cold.
   SInv:      It lets you see invisible.
Missiles
 b - a throwing net
Armour
 c - a +0 hat (worn)
 I - a +0 troll leather armour (worn) {Pargi}
 K - a +1 buckler of cold resistance (worn)
 M - a +2 leather armour of cold resistance
 T - a +2 pair of boots (worn)
 W - a +0 cloak (worn)
Magical Staves
 X - a staff of fire
Jewellery
 D - a +4 ring of protection (left hand)
 H - a ring of poison resistance (right hand)
 N - a ring of protection from cold
 O - a ring of protection from fire
Wands
 E - a wand of acid (9)
 G - a wand of iceblast (10)
 S - a wand of polymorph (7)
Scrolls
 g - 5 scrolls of teleportation
 i - 3 scrolls of magic mapping
 w - a scroll of poison {unknown}
 y - 5 scrolls of fog {unknown}
 A - a scroll of acquirement {unknown}
 C - 2 scrolls of blinking {unknown}
 P - a scroll of brand weapon {unknown}
 Q - a scroll of noise {unknown}
 U - a scroll of immolation {unknown}
Potions
 d - 3 potions of magic
 f - 2 potions of brilliance {unknown}
 k - 7 potions of heal wounds
 p - 9 potions of curing
 s - a potion of invisibility {unknown}
 z - a potion of haste {unknown}
 B - 2 potions of cancellation {unknown}
 L - 2 potions of mutation {unknown}
 R - a potion of resistance {unknown}
Miscellaneous
 V - a phial of floods


   Skills:
 - Level 2.0 Fighting
 + Level 3.5 Armour
 - Level 3.1 Dodging
 - Level 3.0 Stealth
 - Level 6.1 Shields
 * Level 17.0 Spellcasting
 + Level 10.2 Conjurations
 - Level 8.0 Summonings
 - Level 1.0 Necromancy
 - Level 1.1 Translocations
 + Level 5.4 Fire Magic
 - Level 1.0 Air Magic
 - Level 1.0 Poison Magic
 - Level 1.0 Evocations


You had 33 spell levels left.
You knew the following spells:

 Your Spells              Type           Power      Damage    Failure   Level
a - Magic Dart            Conj           100%       1d8       1%          1
b - Mephitic Cloud        Conj/Pois/Air  41%        N/A       1%          3
c - Call Imp              Summ           57%        N/A       1%          2
d - Blink                 Tloc           52%        N/A       4%          2
e - Flame Wave            Conj/Fire      57%        2d14      1%          4

Your spell library contained the following spells:

 Spells                   Type           Power      Damage    Failure   Level
 Eringya's Noxious Bog    Tmut/Pois      11%        N/A       77%         6
 Dazzling Flash           Conj/Hex       92%        N/A       1%          3
 Inner Flame              Hex/Fire       34%        N/A       1%          3
 Sticky Flame             Conj/Fire      57%        2d7       1%          4
 Slow                     Hex            84%        N/A       4%          1
 Cigotuvi's Dreadful Rot  Necr/Pois/Air  52%        N/A       4%          2
 Tukima's Dance           Hex            21%        N/A       13%         3
 Passage of Golubria      Tloc           26%        N/A       28%         4
 Yara's Violent Unravell  Hex/Tmut       10%        3d6       30%         5
 Agony                    Necr           26%        N/A       63%         5
 Silence                  Hex/Air        11%        N/A       69%         5


Dungeon Overview and Level Annotations

Branches:
Dungeon (12/15)            Temple (1/1) D:6            Lair (0/5) D:9
    Orc (0/2) D:9           Sewer (visited)          Bailey (visited)

Altars:
Ashenzari
Cheibriados
Dithmenos
Elyvilon
Fedhas
Gozag
Hepliaklqana
Kikubaaqudgha
Makhleb
Nemelex Xobeh
Okawaru
Qazlal
Ru
Sif Muna
Trog
Uskayaw
Vehumet
Wu Jian
Xom
Yredelemnul
Zin
The Shining One


Message History

The basilisk is almost dead. (Press . to intensify the flame waves.)
The centaur is engulfed in noxious fumes.
The centaur appears confused.
The basilisk bites you!
The two-headed ogre is engulfed in noxious fumes.
The centaur is engulfed in noxious fumes.
The centaur appears confused.
Unknown command.
A wave of flame ripples out!
The flame wave engulfs the basilisk!
You kill the basilisk!
Vehumet accepts your kill.
You feel your power returning.
The flame wave engulfs the two-headed ogre!
The two-headed ogre is moderately wounded.
The two-headed ogre is engulfed in noxious fumes.
A wave of flame ripples out!
The flame wave engulfs the two-headed ogre!!
The two-headed ogre is severely wounded.
The flame wave engulfs the centaur!
The centaur is almost dead.
The centaur says, "Why is everything spinning?"
Unknown command.
A wave of flame ripples out!
The flame wave engulfs the two-headed ogre.
The two-headed ogre is severely wounded.
The flame wave engulfs the centaur!
You kill the centaur!
Vehumet accepts your kill.
Vehumet offers you knowledge of Eringya's Noxious Bog.
You finish channelling waves of flame.
You hear a shout!
The two-headed ogre hits you with a +0 giant club!
The two-headed ogre hits you with a +0 dire flail!
* * * LOW HITPOINT WARNING * * *
Unknown command.
You hit the two-headed ogre but do no damage.
The two-headed ogre is poisoned.
The two-headed ogre is severely wounded.
The two-headed ogre hits you with a +0 giant club!!
You die...

.. ##..⌠..# ...... #......
......#### #...... .....$#..#
..°.. .
.........#########'#########$.
..W.............°...............
#.......^...[.....○..##........>
#..............O○○..###J........
.#..u...§.......@†...##..<.......
.)....†...........)..........#..#
...#.....#..###............# .#
##.#.#.###.........<.........
#....##.##.....##......<.....#
.................#.............#
.............l...##○............#
..............#.##..............#
.............W####.○§.........


You could see a two-headed ogre (confused, very poisoned).

Vanquished Creatures
  2 vault guards (Bailey)
  A catoblepas (D:11)
  2 boulder beetles (D:11)
  A two-headed ogre (shapeshifter) (D:12)
  3 two-headed ogres
  Pikel (D:6)
  2 ugly things (D:11)
  A manticore (D:12)
  A gargoyle (D:11)
  An unseen horror (D:11)
  A rime drake (D:9)
  5 trolls
  Prince Ribbit (Bailey)
  Grinder (D:6)
  A hornet (D:8)
  A slime creature (D:11)
  A vampire (D:10)
  A shadow (D:10)
  3 wraiths
  3 humans (Bailey)
  4 basilisks
  12 yaks
  8 vampire mosquitoes
  A steam dragon (D:8)
  2 water moccasins
  Edmund (D:6)
  An acid dragon (D:10)
  Pargi (Sewer)
  An orc warrior (D:9)
  3 ice beasts (D:9)
  A sky beast (D:7)
  4 black bears
  3 wolves (D:9)
  An ogre (D:6)
  3 centaurs
  A lemure (D:6)
  2 phantoms (D:5)
  2 kobold brigands
  11 bullfrogs (Bailey)
  3 scorpions
  8 wights
  A vampire bat (D:3)
  4 howler monkeys
  2 gnoll boudas
  3 jellies
  3 orc priests
  2 sleepcaps (D:7)
  3 hounds
  2 iguanas
  Ijyb (D:5)
  10 orc wizards
  12 gnolls
  7 adders
  3 shadow imps
  3 white imps
  2 worms
  A dart slug (D:2)
  3 fire bats (D:3)
  42 orcs
  2 spectral bats (D:3)
  10 ball pythons
  3 bat skeletons (D:3)
  A bat zombie (D:3)
  8 endoplasms
  6 giant cockroaches
  13 goblins
  8 hobgoblins
  3 jackals (D:5)
  3 quokkas
  17 bats
  A bat simulacrum (D:3)
  7 frilled lizards
  15 kobolds
  5 rats
312 creatures vanquished.

Vanquished Creatures (collateral kills)
  A black bear (D:5)
  A gnoll sergeant (D:6)
  2 gnolls (D:6)
  A worm (D:2)
  3 orcs
  An endoplasm (D:2)
  A hobgoblin (D:4)
  A kobold (D:7)
11 creatures vanquished.

Grand Total: 323 creatures vanquished

Notes
Turn   | Place    | Note
-------+----------+-------------------------------------------
     0 | D:1      | pokeman the Deep Elf Hedge Wizard began the quest for the
                  | Orb.
     0 | D:1      | Reached XP level 1. HP: 10/10 MP: 7/7
   289 | D:1      | You fall into a shaft and drop 1 floor!
   370 | D:2      | Reached XP level 2. HP: 15/15 MP: 1/9
  1127 | D:1      | Reached skill level 5 in Spellcasting
  1308 | D:1      | Found a faded altar of an unknown god.
  1508 | D:2      | Reached XP level 3. HP: 20/20 MP: 6/11
  1512 | D:2      | Learned a level 3 spell: Mephitic Cloud
  1515 | D:2      | Learned a level 2 spell: Call Imp
  1518 | D:2      | Learned a level 2 spell: Blink
  1909 | D:2      | Reached skill level 1 in Fighting
  1909 | D:2      | Reached skill level 1 in Armour
  2582 | D:3      | Reached XP level 4. HP: 25/25 MP: 9/13
  2610 | D:3      | Noticed a +0 hand axe
  2613 | D:3      | Noticed a +0 dagger
  2619 | D:3      | Found a hide-covered altar of Uskayaw.
  2916 | D:3      | Reached skill level 6 in Spellcasting
  2916 | D:3      | Reached XP level 5. HP: 29/29 MP: 6/15
  3147 | D:3      | Reached skill level 1 in Evocations
  4408 | D:4      | Reached skill level 1 in Air Magic
  4408 | D:4      | Reached skill level 1 in Poison Magic
  4408 | D:4      | Reached XP level 6. HP: 34/34 MP: 10/17
  4728 | D:4      | Reached skill level 7 in Spellcasting
  5529 | D:5      | Entered Level 5 of the Dungeon
  5590 | D:5      | Found a hazy altar of Hepliaklqana.
  5670 | D:5      | Reached XP level 7. HP: 24/39 MP: 1/20
  5891 | D:5      | Reached skill level 8 in Spellcasting
  6201 | D:5      | Noticed Ijyb
  6223 | D:5      | Killed Ijyb
  6289 | D:5      | Reached skill level 1 in Shields
  6354 | D:5      | Found an iron altar of Okawaru.
  6381 | D:5      | Reached XP level 8. HP: 42/44 MP: 14/22
  6515 | D:5      | Reached skill level 9 in Spellcasting
  6578 | D:5      | Found a snail-covered altar of Cheibriados.
  6897 | D:6      | Noticed a two-headed ogre
  6966 | D:6      | Found a glowing drain.
  6970 | Sewer    | Entered a sewer
  7034 | Sewer    | Noticed Pargi
  7056 | Sewer    | Killed Pargi
  7158 | D:6      | Found a staircase to the Ecumenical Temple.
  7168 | D:6      | Reached skill level 5 in Conjurations
  7190 | Temple   | Entered the Ecumenical Temple
  7195 | Temple   | Became a worshipper of Vehumet
  7463 | D:6      | Noticed Pikel
  7467 | D:6      | Noticed Grinder
  7488 | D:6      | Killed Pikel
  7489 | D:6      | Reached skill level 10 in Spellcasting
  7615 | D:6      | Reached skill level 5 in Summonings
  7615 | D:6      | Reached XP level 9. HP: 45/48 MP: 14/25
  7656 | D:6      | Paralysed by Grinder for 5 turns
  7661 | D:6      | Killed Grinder
  7672 | D:6      | Killed a two-headed ogre
  7673 | D:6      | Reached skill level 11 in Spellcasting
  7995 | D:6      | Noticed Edmund
  8009 | D:6      | Killed Edmund
  8156 | D:6      | Found an opulent altar of Gozag.
  8302 | D:7      | Reached * piety under Vehumet
  8302 | D:7      | Offered knowledge of Freeze by Vehumet.
  8316 | D:7      | Reached skill level 12 in Spellcasting
  9623 | D:7      | Found a shimmering altar of Xom.
  9666 | D:8      | Reached XP level 10. HP: 53/53 MP: 24/28
  9668 | D:8      | Found an ornate altar of the Wu Jian Council.
  9841 | D:8      | Found a glowing golden altar of the Shining One.
  9892 | D:8      | Offered knowledge of Scorch by Vehumet.
  9910 | D:8      | Found a flagged portal.
  9913 | D:8      | Reached ** piety under Vehumet
  9936 | D:8      | Reached skill level 13 in Spellcasting
  9961 | Bailey   | Entered a bailey
 10264 | Bailey   | Noticed Prince Ribbit
 10264 | Bailey   | Noticed a vault guard
 10289 | Bailey   | Killed Prince Ribbit
 10290 | Bailey   | Reached skill level 5 in Shields
 10291 | Bailey   | Killed a vault guard
 10292 | Bailey   | Reached skill level 14 in Spellcasting
 10369 | Bailey   | Noticed a vault guard
 10390 | Bailey   | Killed a vault guard
 10494 | D:8      | Offered knowledge of Static Discharge by Vehumet.
 10732 | D:8      | Reached XP level 11. HP: 57/57 MP: 31/31
 11084 | D:9      | Learned a level 4 spell: Flame Wave
 11121 | D:9      | Reached *** piety under Vehumet
 11146 | D:9      | Reached skill level 1 in Fire Magic
 11274 | D:9      | Found a staircase to the Lair.
 11356 | D:9      | Offered knowledge of Frozen Ramparts by Vehumet.
 11406 | D:9      | Found a blossoming altar of Fedhas.
 11777 | D:9      | Found a staircase to the Orcish Mines.
 11847 | D:10     | Entered Level 10 of the Dungeon
 11887 | D:10     | Reached skill level 15 in Spellcasting
 11899 | D:10     | HP: 2/57 [vampire (8)]
 12171 | D:10     | Reached **** piety under Vehumet
 12172 | D:10     | Reached skill level 1 in Necromancy
 12242 | D:10     | Found a sacrificial altar of Ru.
 12257 | D:10     | Offered knowledge of Arcjolt by Vehumet.
 12312 | D:10     | Noticed a two-headed ogre
 12340 | D:10     | Killed a two-headed ogre
 12585 | D:10     | Identified the +1 trident of Weytam {protect, rC+ Str-3
                  | SInv}
 12641 | D:10     | Found a sparkling altar of Nemelex Xobeh.
 12641 | D:10     | Found a glowing silver altar of Zin.
 12933 | D:11     | Noticed a white ugly thing
 12941 | D:11     | Noticed a two-headed ogre
 12949 | D:11     | Killed a white ugly thing
 12955 | D:11     | Killed a two-headed ogre
 13690 | D:11     | Reached skill level 16 in Spellcasting
 14039 | D:12     | Noticed a two-headed ogre
 14041 | D:12     | Noticed a boulder beetle
 14059 | D:12     | Killed a two-headed ogre
 14060 | D:12     | Reached XP level 12. HP: 36/62 MP: 9/34
 14120 | D:12     | Noticed a boulder beetle
 14120 | D:12     | Noticed a two-headed ogre
 14126 | D:12     | HP: 2/62 [green ugly thing (9)]
 14522 | D:11     | Killed a boulder beetle
 14523 | D:11     | Reached skill level 10 in Conjurations
 14523 | D:11     | Reached skill level 5 in Fire Magic
 14645 | D:12     | Noticed a catoblepas
 14659 | D:11     | Killed a boulder beetle
 14721 | D:11     | Killed a catoblepas
 14722 | D:11     | Reached skill level 17 in Spellcasting
 14794 | D:12     | Reached ***** piety under Vehumet
 14794 | D:12     | Offered knowledge of Eringya's Noxious Bog by Vehumet.
 14795 | D:12     | Mangled by a two-headed ogre

Illustrated notes

Levels and vault maps discovered:
D:1:      matt_arrival_spirals, layout_loops_cross,
          shapermc_ecumenical_altar_mp_vishouse, minmay_pentomino_u2
D:2:      layout_loops_corners, minmay_indecisive_spiral
D:3:      layout_loops_ring, dancing_weapons_uskayaw, goddamned_bats
D:4:      nicolae_cairo_tiling_large_dashed, layout_layer_cave,
          kennysheep_flooded_box
D:5:      layout_cave_pools, slow_altar_2, kennysheep_okawaru_gauntlet,
          lemuel_doored_altar, serial_park_tiny_1, glass_columns_c,
          solitary_fountain, minmay_fountain_box, uniq_ijyb
D:6:      layout_rooms, mainiacjoe_overflow_alcove_2, minmay_temple_entry_grid,
          serial_curves, eino_curves_01, eino_curves_02, gup_sewer_entry_bowl,
          uniq_grinder, uniq_pikel, uniq_edmund
D:7:      layout_loops_corners, general_overflow_altar
D:8:      layout_rooms, overflow_temple_1_default, nicolae_wu_jian_wuxing_cycle,
          enter_bailey_5, glass_columns_c
D:9:      layout_stronghold, fedhas_ov_isle_minmay, hellmonk_lair_entry_icy,
          hiddenorc1_lemuel
D:10:     layout_big_octagon, gammafunk_temple_overflow_wave,
          nicolae_ru_sacrificial_ziggurat
D:11:     layout_irregular_city
D:12:     layout_cave_pools, nicolae_rejected_hall
Temple:   hellmonk_temple_micro_hex

Skill      XL: |  1  2  3  4  5  6  7  8  9 10 11 12 |
---------------+-------------------------------------+-----
Spellcasting   | 5 6 7 8 10 12 14 16 17 | 17.0
Fighting       | 1 2 |  2.0
Armour         | 1 2 3 |  3.5
Conjurations   | 2 3 4 5 7 8 9 10 | 10.2
Stealth        | 3 |  3.0
Dodging        | 3 |  3.1
Evocations     | 1 |  1.0
Air Magic      | 1 |  1.0
Poison Magic   | 1 |  1.0
Summonings     | 2 3 5 6 7 8 |  8.0
Shields        | 1 3 4 5 6 |  6.1
Fire Magic     | 4 5 |  5.4
Necromancy     | 1 |  1.0
Translocations | |  1.1

Action                     |  1- 3 |  4- 6 |  7- 9 | 10-12 || total
---------------------------+-------+-------+-------+-------++-------
  Melee: Dagger            |     2 |    15 |    41 |       ||    58
         Punch             |       |     1 |       |       ||     1
         Spear             |       |       |   101 |   140 ||   241
         Trident           |       |       |       |     1 ||     1
  Throw: Throwing net      |       |       |       |     1 ||     1
   Cast: Magic Dart        |   106 |   156 |   239 |   125 ||   626
         Call Imp          |     2 |     5 |    13 |     5 ||    25
         Mephitic Cloud    |       |     5 |    30 |    68 ||   103
         Blink             |       |       |     6 |    14 ||    20
         Flame Wave        |       |       |       |    42 ||    42
  Evoke: Wand              |       |       |       |     8 ||     8
    Use: Scroll            |       |       |       |    13 ||    13
         Potion            |       |       |       |     1 ||     1
   Stab: Confused          |       |     2 |    18 |    28 ||    48
         Distracted        |       |       |     1 |     1 ||     2
 Armour: Robe              |     3 |    28 |    12 |       ||    43
         Troll leather arm |       |       |    13 |    75 ||    88
  Dodge: Dodged            |    12 |   111 |   137 |   138 ||   398
  Block: Buckler           |       |       |    19 |    76 ||    95

Table legend: (Time is in decaauts)
 A = Elapsed time spent in this place.
 B = Non-inter-level travel time spent in this place.
 C = Inter-level travel time spent in this place.
 D = Time resting spent in this place.
 E = Time spent auto-exploring this place.
 F = Levels seen in this place.
 G = Mean time per level.
                   A        B        C        D        E       F      G
               +--------+--------+--------+--------+--------+-----+--------+
         Total |  14904 |  14210 |    694 |    842 |  10321 |  15 |  993.6 |
       Dungeon |  14113 |  13421 |    692 |    759 |   9914 |  12 | 1176.1 |
        Temple |    113 |    111 |      2 |     72 |      0 |   1 |  113.0 |
         Sewer |    176 |    176 |      0 |      0 |    119 |   1 |  176.0 |
        Bailey |    501 |    501 |      0 |     11 |    288 |   1 |  501.0 |
               +--------+--------+--------+--------+--------+-----+--------+

Top non-repeatable levels by time:
     D:4: 1650 daAuts
    D:11: 1520 daAuts
     D:7: 1474 daAuts
     D:3: 1411 daAuts
     D:2: 1399 daAuts
     D:5: 1288 daAuts
     D:1: 1176 daAuts
     D:6: 1153 daAuts
     D:9: 1149 daAuts
    D:10: 976 daAuts
     D:8: 730 daAuts
  Bailey: 501 daAuts
    D:12: 182 daAuts
   Sewer: 176 daAuts
  Temple: 113 daAuts
